 Dungeon Crawl Stone Soup version 0.29.1-15-g9cfb28693d (webtiles) character file.

Game seed: 14897848730083832396

2 booth the Charlatan (level 1, 0/9 HPs)
             Began as a Spriggan Artificer on Mar 2, 2023.
             Slain by a bat (1 damage)
             ... on level 1 of the Dungeon.
             The game lasted 00:02:40 (219 turns).

booth the Charlatan (Spriggan Artificer)             Turns: 219, Time: 00:02:40

Health: 0/9        AC:  2    Str:  8    XL:     1   Next: 33%
Magic:  2/2        EV: 17    Int: 12    God:
Gold:   0          SH:  0    Dex: 15    Spells: 0/0 levels left

rFire   . . .      SeeInvis +   a - +0 club
rCold   . . .      Faith    .   (no shield)
rNeg    . . .      Spirit   .   b - +0 robe
rPois   .          Reflect  .   (helmet restricted)
rElec   .          Harm     .   (no cloak)
rCorr   .          Rampage  .   (gloves unavailable)
Will    .....                   (boots unavailable)
Stlth   ++........              (no amulet)
HPRegen 0.03/turn               (no ring)
MPRegen 0.08/turn               (no ring)

@: very quick
A: very small, no large weapons, unfitting armour, see invisible, speed 3
a: no special abilities


You were on level 1 of the Dungeon.
You visited 1 branch of the dungeon, and saw 1 of its levels.

Inventory:

Hand Weapons
 a - a +0 club (weapon)
Armour
 b - a +0 robe (worn)
Jewellery
 g - a ring of protection from cold
Wands
 c - a wand of flame (15) (quivered)
 d - a wand of charming (15)
 e - a wand of iceblast (5)
Scrolls
 f - 3 scrolls of identify {unknown}
Potions
 h - a potion of lignification {unknown}


   Skills:
 + Level 0.8 Fighting
 + Level 3.2 Dodging
 + Level 1.7 Stealth
 + Level 4.0 Evocations


You couldn't memorise any spells.
You didn't know any spells.
Your spell library contained the following spells:

 Spells                   Type           Power      Damage    Failure   Level
 Ignite Poison            Fire/Tmut/Pois 0%         N/A       69%         3
 Lesser Beckoning         Tloc           0%         N/A       69%         3
 Teleport Other           Tloc           0%         N/A       69%         3
 Iskenderun's Mystic Bla  Conj/Tloc      0%         2d3       97%         4


Dungeon Overview and Level Annotations

Branches:
Dungeon (1/15)

Altars:


Innate Abilities, Weirdness & Mutations

You are very small and have problems with some larger weapons.
You are too small for most types of armour.
You have supernaturally acute eyesight. (SInv)
You cover ground extremely quickly. (Speed+++)


Message History

Found an amethyst potion.
There is a faded altar of an unknown god here.
A kobold comes into view. It is wielding a +0 whip.
The kobold shouts!
A rat comes into view.
The kobold throws a stone.
The stone hits you but does no damage.
You see here an amethyst potion.
h - an amethyst potion The kobold throws a stone.
The stone barely misses you.
Found a scroll labelled USHRIDA YFUNN and 5 gold pieces.
A bat comes into view.
The kobold hits you with a +0 whip.
An endoplasm comes into view.
You hit the kobold.
You kill the kobold!
You completely miss the rat. The bat hits you but does no damage.
The rat barely misses you. The bat hits you but does no damage.
You barely miss the rat. The bat barely misses you. The rat misses you.
The rat closely misses you.
You closely miss the rat. The bat misses you. The rat misses you.
You barely miss the rat. The bat closely misses you. The rat barely misses you.
You hit the rat but do no damage. The bat completely misses you.
The rat closely misses you. The endoplasm closely misses you. The bat hits you.
The rat bites you.
* * * LOW HITPOINT WARNING * * *
The endoplasm completely misses you. The bat closely misses you.
The bat closely misses you. The bat hits you.
* * * LOW HITPOINT WARNING * * *
The bat barely misses you. x2
The bat completely misses you. The bat hits you but does no damage.
Things that are here:
a +0 dagger; a kobold corpse The bat hits you but does no damage.
The endoplasm jiggles.
There is an open door here.
You hit the bat but do no damage. The bat hits you.
You die...

.. .... ####.. ..... +.....
..... #..... ###.#.. #.#.#. ##
#.... ..... ..#######..## #...
............###############...
.........>.)b@................
............#########≈≈≈≈≈≈≈≈≈
...........r# #≈######♣#
........8.J##### #≈#..8#~♣~
......._...#...# #≈#...##8#
........8..#...# #≈#...'...
#..........#...# #≈#...###8
##.............# #≈#8.8##♣#
#.............### ##'##♣~.


You could see a bat.

Vanquished Creatures
  A hobgoblin (D:1)
  2 kobolds (D:1)
3 creatures vanquished.

Notes
Turn   | Place    | Note
-------+----------+-------------------------------------------
     0 | D:1      | booth the Spriggan Artificer began the quest for the Orb.
     0 | D:1      | Reached XP level 1. HP: 9/9 MP: 2/2
   113 | D:1      | Got the Tome of Coordinates and the Snake
   167 | D:1      | Found a faded altar of an unknown god.
   219 | D:1      | Slain by a bat

Illustrated notes

Levels and vault maps discovered:
D:1:      saegor_arrival_fortress, layout_basic,
          dreamdust_ecumenical_altar_statues, minmay_misc_feat_tiny

Action                   || total
-------------------------++-------
Melee: Club              ||    15
 Stab: Sleeping          ||     1
Armor: Robe              ||     6
Dodge: Dodged            ||    22
